 Dungeon Crawl Stone Soup version 0.30.1 (webtiles) character file.

Game seed: 4075115600660831288

924 Kranky the Trooper (level 7, -3/63 HPs)
             Began as a Minotaur Berserker on July 13, 2023.
             Was an Elder of Trog.
             Slain by an ogre
             ... wielding a +0 giant spiked club
              (20 damage)
             ... on level 4 of the Dungeon.
             The game lasted 00:09:21 (5252 turns).

Kranky the Trooper (Minotaur Berserker)             Turns: 5252, Time: 00:09:21

Health: -3/63      AC: 11    Str: 23    XL:     7   Next: 84%
Magic:  6/6        EV: 10    Int:  4    God:    Trog [****..]
Gold:   233        SH: 10    Dex: 10    Spells: 6/6 levels left

rFire   . . .        x - +4 dagger (venom)
rCold   . . .        k - +2 kite shield
rNeg    + . .        q - +4 scale mail {rN+}
rPois   .            (helmet restricted)
rElec   .            (no cloak)
rCorr   .            (no gloves)
SInv    .            (no boots)
Will    .....        (no amulet) Stlth
                     (no ring)
HPRegen 0.30/turn    (no ring)
MPRegen 0.10/turn

%: no passive effects
@: no status effects
A: horns 2, retaliatory headbutt
a: Renounce Religion, Berserk, Trog's Hand, Brothers in Arms


You were on level 4 of the Dungeon.
You worshipped Trog.
Trog was greatly pleased with you.
You visited 1 branch of the dungeon, and saw 4 of its levels.
You also visited: Sewer.

You collected 233 gold pieces.

Inventory:

Hand Weapons
 a - a +0 spear of freezing
 x - a +4 dagger of venom (weapon)
Missiles
 t - a throwing net (quivered)
 u - 13 poisoned darts
Armour
 b - a +0 animal skin
 k - a +2 kite shield (worn)
 l - a +0 ring mail
 q - a +4 scale mail of positive energy (worn)
Jewellery
 o - an amulet of regeneration
Wands
 d - a wand of polymorph (6)
 A - a wand of paralysis (11)
Scrolls
 c - 2 scrolls of fog
 i - 3 scrolls of teleportation
 n - a scroll of fear
 v - a scroll of identify
 y - a scroll of noise {unknown}
Potions
 e - a potion of attraction
 f - a potion of resistance
 g - a potion of heal wounds
 h - 5 potions of cancellation
 j - a potion of lignification {unknown}
 m - 7 potions of haste
 p - a potion of magic {unknown}
 r - 3 potions of curing
 s - 2 potions of mutation {unknown}
 w - 3 potions of invisibility {unknown}
 z - a potion of berserk rage {unknown}


   Skills:
 + Level 6.0 Fighting
 + Level 6.0 Polearms
 + Level 5.4 Armour
 + Level 5.0 Dodging
 + Level 4.1 Shields


You had 6 spell levels left.
You didn't know any spells.
Your spell library was empty.

Dungeon Overview and Level Annotations

Branches:
Dungeon (4/15)              Sewer (visited)
 Temple: D:4-7

Altars:
The Shining One

Shops:
D:4 (


Innate Abilities, Weirdness & Mutations

You have a pair of horns on your head.
You reflexively headbutt those who attack you in melee.


Message History

The gnoll closely misses you.
You hit the gnoll.
The gnoll is poisoned.
Your headbutt misses the gnoll.
The gnoll is heavily wounded.
You block the gnoll's attack.
You barely miss the gnoll.
The gnoll is heavily wounded.
You block the gnoll's attack. x2
You hit the gnoll.
The gnoll looks as sick as possible!
You headbutt the gnoll.
You kill the gnoll!
Trog accepts your kill.
You hit the gnoll. Your headbutt misses the gnoll.
The gnoll is moderately wounded.
You block the gnoll's attack.
You hit the gnoll.
The gnoll is poisoned.
Your headbutt misses the gnoll.
The gnoll is heavily wounded.
You block the gnoll's attack.
You hit the gnoll but do no damage.
The gnoll looks as sick as possible!
The gnoll is severely wounded.
You block the gnoll's attack.
You hit the gnoll.
You kill the gnoll!
Trog accepts your kill.
Your Dodging skill increases to level 5!
You barely miss the ogre. You headbutt the ogre.
The ogre is lightly wounded.
The ogre misses you. You furiously retaliate!
You headbutt the ogre. You barely miss the ogre. You headbutt the ogre!
The ogre is heavily wounded.
The ogre hits you with a +0 giant spiked club!
You hit the ogre but do no damage.
The ogre is heavily wounded.
You barely miss the ogre. Your headbutt misses the ogre.
The ogre is heavily wounded.
The ogre hits you with a +0 giant spiked club!!
* * * LOW HITPOINT WARNING * * *
You are too injured to fight recklessly!
You are too injured to fight recklessly!
The ogre attacks as you move away!
The ogre hits you with a +0 giant spiked club!!
You die...

.# ##.#######.#.##########.# .#
.##.#....<#.#.# #.# .###
#.##.#.....#.#.# #.#
...###.##.#.....#.#.# #.#
.#.##..##.#.##..#.#.# #.#
.)...........#..#)#.# #.#
.).#'#....#..#..#)#.# #.#
.))#'#⌠......<..#O#.##########.#
.###†###.)......@..........>##.#
.++'∩'''.))..#.##.#.#####.#.##.#
.###'###.....#.##.#.# #.#.##.#
..⌠#+#⌠......#....#.# #.#.##.#
...#+#......## ##.#.# #.#.##.#
#...........# #.#.#####.#.##.#
###..#...#### ###.......#.##.# #
#.###### ############.##.# # #.#
#####.....# #.##.#


You could see an ogre.

Vanquished Creatures
  An ogre (D:4)
  2 kobold brigands (Sewer)
  2 scorpions
  A sleepcap (D:4)
  Terence (D:2)
  3 orc wizards
  Natasha (thrice) (D:2)
  16 gnolls
  3 river rats (Sewer)
  6 adders
  3 worms
  2 dart slugs
  15 orcs
  8 endoplasms
  2 giant cockroaches
  5 goblins
  5 hobgoblins
  6 quokkas
  9 ball pythons
  5 bats
  5 frilled lizards
  18 kobolds
  27 rats
148 creatures vanquished.

Notes
Turn   | Place    | Note
-------+----------+-------------------------------------------
     0 | D:1      | Kranky the Minotaur Berserker began the quest for the Orb.
     0 | D:1      | Reached XP level 1. HP: 19/19 MP: 0/0
    47 | D:1      | Reached XP level 2. HP: 18/27 MP: 1/1
   238 | D:1      | You fall into a shaft and drop 1 floor!
   248 | D:2      | Reached XP level 3. HP: 29/33 MP: 2/2
   464 | D:1      | Reached ** piety under Trog
   486 | D:1      | Found a faded altar of an unknown god.
   820 | D:2      | Noticed Terence
   832 | D:2      | Killed Terence
   833 | D:2      | Reached XP level 4. HP: 27/41 MP: 3/3
   925 | D:2      | Noticed Natasha
   935 | D:2      | Killed Natasha
   936 | D:2      | Reached skill level 1 in Shields
  1293 | D:2      | Found a glowing golden altar of the Shining One.
  1932 | D:2      | Found a glowing golden altar of the Shining One.
  2319 | D:2      | Found a glowing golden altar of the Shining One.
  2441 | D:2      | Noticed Natasha
  2450 | D:2      | Killed Natasha
  2451 | D:2      | Reached XP level 5. HP: 47/47 MP: 4/4
  2720 | D:2      | Noticed Natasha
  2732 | D:2      | Killed Natasha
  3200 | D:3      | Reached XP level 6. HP: 48/55 MP: 5/5
  3244 | D:3      | Found a glowing drain.
  3257 | Sewer    | Entered a sewer
  3305 | Sewer    | Reached skill level 5 in Fighting
  3348 | Sewer    | Reached *** piety under Trog
  3395 | Sewer    | Reached skill level 5 in Polearms
  3967 | D:3      | Reached **** piety under Trog
  3968 | D:3      | Reached XP level 7. HP: 56/61 MP: 6/6
  4170 | D:3      | Reached skill level 5 in Armour
  4685 | D:4      | Found Ziuwech's Weapon Boutique.
  5246 | D:4      | Reached skill level 5 in Dodging
  5252 | D:4      | Slain by an ogre

Illustrated notes

Levels and vault maps discovered:
D:1:      wander_arrival_lonely_grave, layout_rooms,
          chequers_ecumenical_altar_simple
D:2:      layout_loops_corners, basic_altar, uniq_natasha, uniq_terence
D:3:      layout_loops_ring, cheibrodos_sewer_entry_bend, minmay_liquid_box,
          serial_park_tiny_2
D:4:      wad_pebble_path, layout_basic, nicolae_ru_path_of_blood, temple_hall,
          serial_shops, nicolae_shop_real_fake_doors

Skill      XL: |  1  2  3  4  5  6  7 |
---------------+----------------------+-----
Fighting       | 4 5 6 |  6.0
Polearms       | 4 5 6 |  6.0
Armour         | 3 4 5 |  5.4
Dodging        | 3 4 5 |  5.0
Shields        | 1 2 3 4 |  4.1

Action                     |  1- 3 |  4- 6 |  7- 9 || total
---------------------------+-------+-------+-------++-------
  Melee: Spear             |    73 |   292 |       ||   365
         Headbutt          |     9 |    28 |    20 ||    57
         Dagger            |       |     3 |   114 ||   117
 Invoke: Berserk           |       |       |     1 ||     1
    Use: Scroll            |       |       |    11 ||    11
 Armour: Animal skin       |     2 |       |       ||     2
         Ring mail         |     1 |       |       ||     1
         Scale mail        |       |    65 |    36 ||   101
  Dodge: Dodged            |    23 |    84 |    37 ||   144
  Block: Kite shield       |     3 |   125 |    64 ||   192
